 Dungeon Crawl Stone Soup version 0.31-a0-182-gc5ef74b (webtiles) character file.

Game seed: 14617021088624339963

45087 Dawnplanks the Brawler (level 13, -11/93 HPs)
             Began as a Demonspawn Berserker on June 20, 2023.
             Was a High Priest of Trog.
             Mangled by a cane toad (16 damage)
             ... on level 5 of the Lair of Beasts.
             The game lasted 00:34:56 (16103 turns).

Dawnplanks the Brawler (Demonspawn Berserker)      Turns: 16103, Time: 00:34:57

Health: -11/93     AC: 13    Str: 22    XL:     13   Next: 99%
Magic:  13/13      EV: 18    Int:  6    God:    Trog [*****.]
Gold:   714        SH: 15    Dex: 13    Spells: 12/12 levels left

rFire   + .          .
                       - Unarmed
rCold   . . .        r - +0 kite shield
rNeg    + . .        g - +3 troll leather armour {Snorg}
rPois   +            (helmet unavailable)
rElec   .            p - +2 cloak
rCorr   .            f - +0 pair of gloves
SInv    +            (no boots)
Will    .....        o - amulet of faith
Stlth   +            Y - +4 ring of slaying
HPRegen 1.15/turn    D - ring "Nius" {rPois rN+ EV+5 Int-3}
MPRegen 0.13/turn

%: faith
@: on berserk cooldown, slowed, very slow
A: antennae 3, claws 2, condensation shield, weakness stinger 2, talons 1, see
invisible, fire resistance 1, mutation resistance 1
a: Renounce Religion, Berserk, Trog's Hand, Brothers in Arms


You were on level 5 of the Lair of Beasts.
You worshipped Trog.
Trog was extremely pleased with you.
You visited 3 branches of the dungeon, and saw 18 of its levels.
You also visited: Sewer.

You collected 794 gold pieces.
You spent 80 gold pieces at shops.

Inventory:

Hand Weapons
 Q - a +5 falchion of flaming
Missiles
 x - 12 javelins (quivered)
 I - 2 throwing nets
 L - 11 curare-tipped darts
Armour
 f - a +0 pair of gloves (worn)
 g - a +3 troll leather armour (worn) {Snorg}
 p - a +2 cloak (worn)
 r - a +0 kite shield (worn)
Jewellery
 c - a +6 ring of strength
 o - an amulet of faith (around neck)
 D - the ring "Nius" (right hand) {rPois rN+ EV+5 Int-3}
   (You found it on level 5 of the Dungeon)

   [ring of evasion]

   EV:        It affects your evasion (+5).
   Int:       It affects your intelligence (-3).
   rPois:     It protects you from poison.
   rN:        It protects you from negative energy.
 Y - a +4 ring of slaying (left hand)
Wands
 j - a wand of flame (21)
 t - a wand of polymorph (11)
 U - a wand of quicksilver (5)
 V - a wand of paralysis (5)
 Z - a wand of iceblast (1)
Scrolls
 a - a scroll of poison {unknown}
 i - 5 scrolls of teleportation {unknown}
 k - 8 scrolls of fear
 n - 5 scrolls of noise
 q - a scroll of brand weapon
 u - 4 scrolls of enchant armour
 v - a scroll of silence {unknown}
 w - 3 scrolls of blinking
 y - 4 scrolls of revelation {unknown}
 B - a scroll of immolation
 E - 6 scrolls of fog
 G - a scroll of amnesia {unknown}
 K - 3 scrolls of enchant weapon
 M - a scroll of vulnerability {unknown}
Potions
 b - 3 potions of lignification
 d - 3 potions of heal wounds
 e - 3 potions of ambrosia
 h - a potion of magic
 l - 4 potions of haste
 m - a potion of might
 s - a potion of brilliance
 z - 4 potions of curing
 F - 2 potions of invisibility
 N - 2 potions of attraction {unknown}
 O - 2 potions of resistance {unknown}
 R - 2 potions of enlightenment
 T - a potion of cancellation {unknown}
 W - a potion of mutation
Miscellaneous
 P - a phial of floods
 X - a phantom mirror


   Skills:
 + Level 6.1 Fighting
 - Level 5.3 Axes
 + Level 7.5 Armour
 + Level 6.5 Dodging
 + Level 9.8 Shields
 + Level 16.6 Unarmed Combat


You had 12 spell levels left.
You didn't know any spells.
Your spell library contained the following spells:

 Spells                   Type           Power      Damage    Failure   Level
 Kiss of Death            Conj/Necr      0%         2d5       71%         1
 Magic Dart               Conj           0%         1d3       71%         1
 Sting                    Tmut/Pois      0%         1d3       71%         1
 Call Imp                 Summ           0%         N/A       83%         2
 Poisonous Vapours        Pois/Air       0%         N/A       83%         2
 Confusing Touch          Hex            0%         N/A       97%         3
 Dazzling Flash           Conj/Hex       0%         N/A       97%         3
 Frozen Ramparts          Ice            0%         1d1       97%         3
 Mephitic Cloud           Conj/Pois/Air  0%         N/A       97%         3
 Ozocubu's Armour         Ice            0%         N/A       97%         3
 Dispel Undead            Necr           0%         3d6       100%        4
 Ice Form                 Ice/Tmut       0%         N/A       100%        4
 Manifold Assault         Tloc           0%         N/A       100%        4
 Olgreb's Toxic Radiance  Pois           0%         N/A       100%        4
 Summon Ice Beast         Ice/Summ       0%         N/A       100%        4
 Agony                    Necr           0%         N/A       100%        5
 Metabolic Englaciation   Hex/Ice        0%         N/A       100%        5
 Silence                  Hex/Air        0%         N/A       100%        5
 Dispersal                Tloc           0%         N/A       100%        6
 Simulacrum               Ice/Necr       0%         N/A       100%        6
 Ozocubu's Refrigeration  Ice            0%         4d7       100%        7
 Discord                  Hex            0%         N/A       100%        8
 Disjunction              Tloc           0%         N/A       100%        8
 Ignition                 Fire           0%         3d3       100%        8


Dungeon Overview and Level Annotations

Branches:
Dungeon (12/15)            Temple (1/1) D:4            Lair (5/5) D:9
 Shoals (0/4) Lair:3        Snake (0/4) Lair:2        Slime (0/5) Lair:4
  Sewer (visited)
    Orc: D:9-12

Altars:
Dithmenos
Okawaru
Sif Muna
Wu Jian
Jiyva

Shops:
D:1 =   D:3 !   D:11 *

Annotations:
Lair:5 Caerwyn's ghost, journeyman TrFi


Innate Abilities, Weirdness & Mutations

You have a pair of large antennae on your head. (SInv)
You have very sharp fingernails.
A meltable shield of frost defends you. (SH +4)
You have a tail ending in a sharp stinger.
You have sharp toenails.
You have supernaturally acute eyesight. (SInv)
Your flesh is heat resistant. (rF+)
You are somewhat resistant to further mutation.


Message History

You tail-slap Caerwyn's ghost, but do no damage.
Caerwyn's ghost is almost destroyed.
The cane toad barely misses you. Caerwyn's ghost misses you.
You hit Caerwyn's ghost.
You claw Caerwyn's ghost, but do no damage.
Caerwyn's ghost is almost destroyed.
You block the cane toad's attack. You block Caerwyn's ghost's attack.
The cane toad closely misses you.
You punch Caerwyn's ghost! Your kick misses Caerwyn's ghost.
Caerwyn's ghost is almost destroyed.
Caerwyn's ghost hits you!!!
* * * LOW HITPOINT WARNING * * *
The cane toad stings you but does no damage.
You closely miss Caerwyn's ghost.
Your tail-slap misses Caerwyn's ghost.
Caerwyn's ghost is almost destroyed.
You block Caerwyn's ghost's attack. The cane toad stings you!
* * * LOW HITPOINT WARNING * * *
You block Caerwyn's ghost's attack.
You feel much better.
The cane toad stings you but does no damage.
You block Caerwyn's ghost's attack. You block the cane toad's attack.
You closely miss Caerwyn's ghost. You claw Caerwyn's ghost.
Caerwyn's ghost is almost destroyed.
You block the cane toad's attack.
Caerwyn's ghost hits you but does no damage.
You hit Caerwyn's ghost but do no damage.
Your kick misses Caerwyn's ghost.
Caerwyn's ghost is almost destroyed.
You block the cane toad's attack. You block Caerwyn's ghost's attack.
You block the cane toad's attack.
You closely miss Caerwyn's ghost.
Caerwyn's ghost is almost destroyed.
You block Caerwyn's ghost's attack. The cane toad completely misses you.
Caerwyn's ghost hits you.
You barely miss Caerwyn's ghost. Your kick misses Caerwyn's ghost.
Caerwyn's ghost is almost destroyed.
You block the cane toad's attack. Caerwyn's ghost hits you!!
* * * LOW HITPOINT WARNING * * *
The cane toad stings you!
You die...

.....#####...
...#P.......+..# .
...........P#P..# ..
.............#...##
..........P.#.........#
............##...P....#
..........#.#.....P...#
................F.?...#
..............##@##.....
..............#.W.#.......
..............#.~.#.......
#. #...P#.P.##.~.#....<.
##....#####.~.#....#
#####......#.##!}$#....#
....#........######....###.#
...P.#........# ##......#...
...+.+.....P..###...........


You could see a cane toad and Caerwyn's ghost.

Vanquished Creatures
  Snorg (D:11)
  Erolcha (D:9)
  Josephine (D:11)
  2 boulder beetles
  5 hydras
  2 catoblepae (Lair:5)
  2 two-headed ogres
  A death yak (Lair:3)
  The ghost of tchen the Ducker, a novice DjEE (D:6)
  2 skysharks
  A cyclops (D:10)
  10 elephants
  Joseph (D:8)
  Maurice (D:10)
  A torpor snail (Lair:2)
  6 black mambas
  7 cane toads
  An unseen horror (D:11)
  A kobold demonologist (D:9)
  3 rime drakes
  8 komodo dragons
  2 polar bears (Lair:4)
  2 trolls (D:9)
  A hornet (D:8)
  13 blink frogs
  Prince Ribbit (D:8)
  5 dream sheep
  24 yaks
  7 wyverns
  5 basilisks
  7 wraiths
  9 vampire mosquitoes
  3 steam dragons
  Menkaure (D:7)
  A naga (Lair:2)
  11 water moccasins
  6 ice beasts
  Pargi (Sewer)
  3 orc warriors
  16 wolves
  4 ogres
  A centaur (D:9)
  A phantom (D:4)
  3 kobold brigands
  16 bullfrogs
  2 scorpions (D:5)
  2 gnoll sergeants
  5 wights (D:7)
  9 killer bees
  3 electric eels
  3 howler monkeys (D:11)
  3 jellies
  2 gnoll boudas (D:9)
  Crazy Yiuf (D:3)
  2 orc priests
  9 hounds
  Jessica (D:3)
  Natasha (thrice) (D:2)
  2 sleepcaps
  Ijyb (D:3)
  5 iguanas
  10 orc wizards
  14 gnolls
  7 adders
  A river rat (Lair:1)
  2 shadow imps
  A white imp (D:8)
  3 ufetubi
  3 worms
  4 dart slugs
  35 orcs
  6 bats
  4 endoplasms
  5 giant cockroaches
  7 goblins
  10 hobgoblins
  16 kobolds
  4 quokkas
  14 ball pythons
  9 frilled lizards
  6 rats
415 creatures vanquished.

Vanquished Creatures (collateral kills)
  A catoblepas (Lair:5)
  2 death yaks (Lair:3)
  A cane toad (Lair:3)
  A blink frog (Lair:3)
  A wyvern (Lair:3)
  A water moccasin (Lair:3)
  An orc (D:11)
8 creatures vanquished.

Grand Total: 423 creatures vanquished

Notes
Turn   | Place    | Note
-------+----------+-------------------------------------------
     0 | D:1      | Dawnplanks the Demonspawn Berserker began the quest for the
                  | Orb.
     0 | D:1      | Reached XP level 1. HP: 18/18 MP: 1/1
   297 | D:1      | Found Kaerphaekh's Jewellery Emporium.
   331 | D:1      | Discovered your monstrous ancestry.
   331 | D:1      | Gained mutation: You have a small tail. [demonic ancestry]
   331 | D:1      | Reached XP level 2. HP: 24/24 MP: 2/2
   357 | D:1      | Found a faded altar of an unknown god.
  1362 | D:2      | Gained mutation: You have a tail ending in a sharp stinger.
                  | [demonic ancestry]
  1362 | D:2      | Reached XP level 3. HP: 29/29 MP: 3/3
  1419 | D:2      | Found an iron altar of Okawaru.
  1565 | D:2      | Noticed Natasha
  1573 | D:2      | Killed Natasha
  1573 | D:2      | Reached ** piety under Trog
  1707 | D:2      | Noticed Natasha
  1724 | D:2      | Killed Natasha
  1725 | D:2      | Gained mutation: A meltable shield of frost defends you.
                  | (SH +4) [demonic ancestry]
  1725 | D:2      | Reached XP level 4. HP: 12/35 MP: 4/4
  1865 | D:2      | Noticed Natasha
  1873 | D:2      | Killed Natasha
  1965 | D:3      | Found Syebajagg's Distillery.
  1992 | D:3      | Bought a potion of mutation for 80 gold pieces
  2031 | D:3      | Noticed Jessica
  2052 | D:3      | Killed Jessica
  2053 | D:3      | Gained mutation: You have a pair of small antennae on your
                  | head. [demonic ancestry]
  2053 | D:3      | Reached XP level 5. HP: 39/41 MP: 5/5
  2494 | D:3      | Noticed Ijyb
  2514 | D:3      | Killed Ijyb
  2621 | D:3      | Found a runed translucent door.
  2622 | D:3      | Noticed Crazy Yiuf
  2629 | D:3      | HP: 2/42 [Crazy Yiuf/+4 quarterstaff of chaos (10)]
  2635 | D:3      | Killed Crazy Yiuf
  2886 | D:4      | Identified a scroll of acquirement
  2889 | D:4      | Acquired a +6 ring of strength
  3041 | D:4      | Reached skill level 1 in Shields
  3041 | D:4      | Gained mutation: You have sharp fingernails. [demonic
                  | ancestry]
  3041 | D:4      | Reached XP level 6. HP: 46/48 MP: 6/6
  3112 | D:4      | Reached skill level 5 in Axes
  3144 | D:4      | Found a glowing drain.
  3145 | D:4      | Reached *** piety under Trog
  3159 | Sewer    | Entered a sewer
  3181 | Sewer    | Noticed Pargi
  3190 | Sewer    | Killed Pargi
  3191 | Sewer    | Gained mutation: You have very sharp fingernails. [demonic
                  | ancestry]
  3191 | Sewer    | Reached XP level 7. HP: 54/54 MP: 7/7
  3480 | D:4      | Noticed a wyvern
  3492 | D:4      | Killed a wyvern
  3493 | D:4      | Reached skill level 1 in Unarmed Combat
  3809 | D:4      | Found a staircase to the Ecumenical Temple.
  3814 | Temple   | Entered the Ecumenical Temple
  4278 | D:5      | Entered Level 5 of the Dungeon
  4286 | D:5      | Reached skill level 2 in Unarmed Combat
  4397 | D:5      | Reached skill level 3 in Unarmed Combat
  4431 | D:5      | Gained mutation: You have a pair of antennae on your head.
                  | [demonic ancestry]
  4431 | D:5      | Reached XP level 8. HP: 61/61 MP: 8/8
  4790 | D:5      | Reached skill level 4 in Unarmed Combat
  4971 | D:5      | Identified the ring "Nius" {rPois rN+ EV+5 Int-3}
  5309 | D:6      | Noticed tchen's ghost (novice DjEE)
  5312 | D:6      | Reached **** piety under Trog
  5430 | D:6      | Reached skill level 5 in Armour
  5548 | D:6      | Reached skill level 5 in Unarmed Combat
  5963 | D:6      | Found a transporter.
  5978 | D:6      | Identified the +5 dire flail of Task {antimagic, rN+}
  5982 | D:6      | Found a transporter.
  6267 | D:6      | Reached XP level 9. HP: 66/66 MP: 0/9
  6279 | D:6      | Killed tchen's ghost
  6280 | D:6      | Reached skill level 6 in Unarmed Combat
  6282 | D:6      | Reached skill level 7 in Unarmed Combat
  6428 | D:6      | Gained mutation: You occasionally shout uncontrollably at
                  | your foes. [potion of mutation]
  6428 | D:6      | Gained mutation: You occasionally lose the ability to drink
                  | potions when taking damage. [potion of mutation]
  6428 | D:6      | Gained mutation: Your flesh is cold resistant. (rC+)
                  | [potion of mutation]
  6429 | D:6      | Lost mutation: You occasionally shout uncontrollably at
                  | your foes. [potion of mutation]
  6429 | D:6      | Lost mutation: You occasionally lose the ability to drink
                  | potions when taking damage. [potion of mutation]
  6429 | D:6      | Lost mutation: Your flesh is cold resistant. (rC+) [potion
                  | of mutation]
  6429 | D:6      | Gained mutation: You have supernaturally acute eyesight.
                  | (SInv) [potion of mutation]
  6429 | D:6      | Gained mutation: Your flesh is heat resistant. (rF+)
                  | [potion of mutation]
  6429 | D:6      | Gained mutation: You have sharp toenails. [potion of
                  | mutation]
  6429 | D:6      | Gained mutation: You are somewhat resistant to further
                  | mutation. [potion of mutation]
  6605 | D:7      | Noticed Menkaure
  6615 | D:7      | Killed Menkaure
  6864 | D:7      | Reached skill level 8 in Unarmed Combat
  6894 | D:7      | Found a shimmering blue altar of Sif Muna.
  6894 | D:7      | Found a shadowy altar of Dithmenos.
  6919 | D:7      | Identified the +0 chain mail of the Hot Ocelot {Contam
                  | rElec MP+9}
  7273 | D:8      | Noticed Joseph
  7286 | D:8      | Killed Joseph
  7289 | D:8      | Reached XP level 10. HP: 52/73 MP: 10/10
  7688 | D:8      | Found an ornate altar of the Wu Jian Council.
  7754 | D:8      | Reached skill level 9 in Unarmed Combat
  7825 | D:8      | Noticed Prince Ribbit
  7834 | D:8      | Killed Prince Ribbit
  7835 | D:8      | Reached skill level 5 in Shields
  8261 | D:9      | Reached ***** piety under Trog
  8335 | D:9      | Reached skill level 10 in Unarmed Combat
  8485 | D:9      | Found a staircase to the Lair.
  8498 | D:9      | Identified the +7 falchion "Ynishega" {freeze, Fly rC+
                  | Str+2}
  8842 | D:9      | Noticed Erolcha
  8868 | D:9      | Killed Erolcha
  8918 | D:9      | Reached skill level 11 in Unarmed Combat
  8934 | D:9      | Reached XP level 11. HP: 63/78 MP: 11/11
  9109 | D:9      | Noticed a two-headed ogre
  9118 | D:9      | Killed a two-headed ogre
  9225 | D:9      | Received a gift from Trog
  9522 | D:10     | Entered Level 10 of the Dungeon
  9536 | D:10     | Reached skill level 5 in Fighting
  9882 | D:10     | Noticed Maurice
  9910 | D:10     | Killed Maurice
 10385 | D:11     | Noticed a boulder beetle
 10394 | D:11     | Reached skill level 12 in Unarmed Combat
 10545 | D:10     | Killed a boulder beetle
 10641 | D:11     | Noticed Josephine
 10651 | D:11     | Killed Josephine
 10764 | D:11     | Noticed Snorg
 10773 | D:11     | Killed Snorg
 10832 | D:11     | You fall into a shaft and drop 1 floor!
 10913 | D:11     | Found Gotruwku's Serpentskin Sales.
 11224 | D:12     | Reached skill level 13 in Unarmed Combat
 11285 | D:12     | Noticed a boulder beetle
 11291 | D:12     | Noticed a two-headed ogre
 11308 | D:12     | Killed a boulder beetle
 11309 | D:12     | Gained mutation: You have a pair of large antennae on your
                  | head. (SInv) [demonic ancestry]
 11309 | D:12     | Reached XP level 12. HP: 64/86 MP: 12/12
 11309 | D:12     | Killed a two-headed ogre
 11398 | Lair:1   | Entered Level 1 of the Lair of Beasts
 11604 | Lair:1   | Reached skill level 14 in Unarmed Combat
 12102 | Lair:1   | Identified the +6 whip of Ogofoine {flame, rC+ rCorr Str+3
                  | Dex-2}
 12136 | Lair:1   | Reached skill level 5 in Dodging
 12522 | Lair:2   | Noticed a four-headed hydra
 12534 | Lair:2   | Killed a four-headed hydra
 12961 | Lair:2   | Received a gift from Trog
 13004 | Lair:2   | Found a staircase to the Snake Pit.
 13094 | Lair:2   | Reached XP level 13. HP: 92/92 MP: 13/13
 13315 | Lair:2   | Reached skill level 15 in Unarmed Combat
 14016 | Lair:3   | Found a staircase to the Shoals.
 14780 | Lair:4   | Found a viscous altar of Jiyva.
 14803 | Lair:4   | Found a staircase to the Slime Pits.
 14943 | Lair:4   | Reached skill level 16 in Unarmed Combat
 15509 | Lair:5   | Entered Level 5 of the Lair of Beasts
 16073 | Lair:5   | Found a runed translucent door.
 16074 | Lair:5   | Noticed Caerwyn's ghost (journeyman TrFi)
 16103 | Lair:5   | Mangled by a cane toad

Illustrated notes

Levels and vault maps discovered:
D:1:      matt_arrival_spirals, layout_loops_ring,
          ebering_ecumenical_altar_hall, serial_shops, shop,
          serial_bayou_crossing
D:2:      layout_basic, basic_altar, uniq_natasha
D:3:      layout_basic, serial_shops, nicolae_shop_competitors_out_of_business,
          uniq_ijyb, uniq_crazy_yiuf_cottage, uniq_jessica
D:4:      layout_basic, temple_doors_e, portal_sewer_entry_f,
          dreamdust_princess_bridge
D:5:      layout_basic, dreamdust_divine_triumvirate, serial_glass,
          glass_columns_a, glass_columns_a, minmay_door_square,
          minmay_checkerbox
D:6:      layout_basic, gammafunk_ghost_smash, kennysheep_opposing_triangles
D:7:      layout_rooms, nicolae_overflow_two_pavilions, grunt_decor_clamped,
          uniq_menkaure
D:8:      layout_gridville, nzn_wu_jian_council_hall, uniq_prince_ribbit1,
          uniq_joseph
D:9:      layout_irregular_city, erik_lair_island, serial_co_window_serial,
          co_window_cross_1, co_window_of_opportunity_a, co_window_corner_a,
          co_window_cross_1, co_window_corner_a, co_window_cross_4,
          co_window_corner_b, co_window_broadway_c, co_window_of_opportunity_b,
          glass_columns_c, glass_columns_a, glass_columns_a, glass_columns_b,
          glass_columns_a, uniq_erolcha
D:10:     layout_roguey, uniq_maurice
D:11:     layout_small_grid, guppyfry_shop_venom, uniq_snorg, uniq_josephine
D:12:     layout_roguey, orc_0_dummy, uniq_gastronok
Temple:   nicolae_temple_superstar
Lair:1:   layout_gridlike, pond, infiniplex_staircase_pool_2
Lair:2:   layout_layer_cave, guppyfry_snake_entry_garden, serial_bayou_shore_a
Lair:3:   layout_loops_ring, shoals_dummy_entry, minmay_holes,
          grunt_megastairs_4
Lair:4:   layout_long_grid, slime_entry_1, chequers_serial_rivers_marsh
Lair:5:   evilmike_catoblepas_cave, layout_regular_city,
          ebering_ghost_reflecting_pool, hangedman_lair_generics_rect

Skill      XL: |  1  2  3  4  5  6  7  8  9 10 11 12 13 |
---------------+----------------------------------------+-----
Armour         | 2 3 4 5 6 7 |  7.5
Axes           | 3 4 5 |  5.3
Dodging        | 2 3 4 5 6 |  6.5
Shields        | 1 2 3 4 5 7 8 9 |  9.8
Fighting       | 4 5 6 |  6.1
Unarmed Combat | 3 5 8 11 13 14 16 | 16.6

Action                     |  1- 3 |  4- 6 |  7- 9 | 10-12 | 13-15 || total
---------------------------+-------+-------+-------+-------+-------++-------
  Melee: Hand axe          |    98 |    14 |       |       |       ||   112
         Tailslap          |     7 |    28 |    63 |   106 |    46 ||   250
         Punch             |     1 |       |       |       |       ||     1
         War axe           |       |   145 |       |       |       ||   145
         Unarmed           |       |       |   433 |   714 |   290 ||  1437
         Kick              |       |       |    30 |   232 |   117 ||   379
 Invoke: Berserk           |     2 |     2 |    10 |     8 |     3 ||    25
         Trog's Hand       |       |     4 |     3 |     5 |     2 ||    14
         Brothers in Arms  |       |       |       |     1 |     2 ||     3
    Use: Scroll            |       |     5 |     8 |     5 |       ||    18
         Potion            |       |     1 |     2 |       |     1 ||     4
 Armour: Scale mail        |    54 |    16 |       |       |       ||    70
         Chain mail        |       |    43 |   127 |   104 |       ||   274
         Troll leather arm |       |       |       |    51 |    65 ||   116
  Dodge: Dodged            |    59 |    51 |   132 |   363 |   181 ||   786
  Block: Other             |       |     5 |       |       |       ||     5
         Kite shield       |       |    71 |   242 |   526 |   205 ||  1044

Table legend: (Time is in decaauts)
 A = Elapsed time spent in this place.
 B = Non-inter-level travel time spent in this place.
 C = Inter-level travel time spent in this place.
 D = Time resting spent in this place.
 E = Time spent auto-exploring this place.
 F = Levels seen in this place.
 G = Mean time per level.
                   A        B        C        D        E       F      G
               +--------+--------+--------+--------+--------+-----+--------+
         Total |  16347 |  15392 |    955 |    453 |  11778 |  19 |  860.4 |
       Dungeon |  11430 |  10649 |    781 |    403 |   8037 |  12 |  952.5 |
        Temple |      1 |      1 |      0 |      0 |      0 |   1 |    1.0 |
          Lair |   4685 |   4511 |    174 |     50 |   3609 |   5 |  937.0 |
         Sewer |    229 |    229 |      0 |      0 |    131 |   1 |  229.0 |
               +--------+--------+--------+--------+--------+-----+--------+

Top non-repeatable levels by time:
  Lair:2: 1492 daAuts
     D:9: 1455 daAuts
     D:4: 1270 daAuts
     D:6: 1229 daAuts
     D:1: 1019 daAuts
     D:5: 1011 daAuts
     D:8: 1000 daAuts
     D:3: 991 daAuts
  Lair:1: 980 daAuts
     D:2: 962 daAuts
    D:10: 913 daAuts
  Lair:4: 834 daAuts
  Lair:3: 808 daAuts
     D:7: 754 daAuts
    D:11: 632 daAuts
